 Dungeon Crawl Stone Soup version 0.29.0-11-gd7f09526c8 (webtiles) character file.

Game seed: 11410508141835507996

937 keekatzer the Trooper (level 7, -14/60 HPs)
             Began as a Demigod Delver on Sept 2, 2022.
             Demolished by an ogre
             ... wielding a +0 giant spiked club
              (30 damage)
             ... on level 5 of the Dungeon.
             The game lasted 00:17:44 (3423 turns).

keekatzer the Trooper (Demigod Delver)              Turns: 3423, Time: 00:17:45

Health: -14/60     AC:  9    Str: 17    XL:     7   Next: 56%
Magic:  14/14      EV: 12    Int: 22    God:
Gold:   241        SH:  5    Dex: 21    Spells: 3/11 levels left

rFire   . . .      SeeInvis .   D - +4 falchion
rCold   . . .      Faith    .   (no shield)
rNeg    . . .      Spirit   .   x - +1 ring mail {rPois}
rPois   +          Reflect  +   (no helmet)
rElec   .          Harm     .   (no cloak)
rCorr   .          Rampage  .   m - +0 pair of gloves
Will    .....                   j - +0 pair of boots
Stlth   ++........              b - amulet of reflection
HPRegen 0.20/turn               i - +6 ring of dexterity
MPRegen 0.14/turn               F - +6 ring of intelligence

@: no status effects
A: high MP 1, forlorn, divine attributes
a: no special abilities


You were on level 5 of the Dungeon.
You visited 1 branch of the dungeon, and saw 5 of its levels.

You collected 301 gold pieces.
You spent 60 gold pieces at shops.

Inventory:

Hand Weapons
 D - a +4 falchion (weapon)
Armour
 j - a +0 pair of boots (worn)
 m - a +0 pair of gloves (worn)
 x - a +1 ring mail of poison resistance (worn)
Jewellery
 a - a ring of see invisible
 b - an amulet of reflection (around neck)
 i - a +6 ring of dexterity (left hand)
 t - a ring of magical power
 F - a +6 ring of intelligence (right hand)
Wands
 g - a wand of digging (3)
Scrolls
 c - a scroll of fog
 d - a scroll of magic mapping
 e - a scroll of fear
 h - a scroll of amnesia {unknown}
 k - a scroll of torment {unknown}
 n - 4 scrolls of noise {unknown}
 o - 2 scrolls of blinking {unknown}
 u - a scroll of immolation {unknown}
 y - a scroll of enchant weapon {unknown}
 A - 4 scrolls of teleportation
 B - a scroll of vulnerability {unknown}
 C - a scroll of summoning {unknown}
 E - a scroll of silence {unknown}
 G - a scroll of identify
Potions
 f - a potion of haste
 l - 3 potions of curing {unknown}
 p - a potion of brilliance
 q - a potion of cancellation
 r - a potion of degeneration {unknown}
 s - 2 potions of mutation {unknown}
 v - a potion of attraction {unknown}
 w - a potion of magic
 z - 3 potions of heal wounds {unknown}


   Skills:
 + Level 4.9 Fighting
 - Level 1.7 Polearms
 - Level 4.2 Armour
 - Level 3.0 Dodging
 - Level 4.5 Stealth
 * Level 2.9 Spellcasting
 * Level 3.1 Necromancy


You had 3 spell levels left.
You knew the following spells:

 Your Spells              Type           Power      Damage    Failure   Level
a - Necrotise             Necr           68%        1d7       6%          1
b - Vampiric Draining     Necr           17%        2d7       17%         3
c - Animate Dead          Necr           17%        N/A       50%         4

Your spell library contained the following spells:

 Spells                   Type           Power      Damage    Failure   Level
 Foxfire                  Conj/Fire      12%        2x1d4     22%         1
 Conjure Flame            Conj/Fire      3%         6-21      54%         3
 Inner Flame              Hex/Fire       3%         N/A       54%         3
 Ozocubu's Armour         Ice            3%         N/A       54%         3
 Agony                    Necr           17%        N/A       85%         5
 Flame Wave               Conj/Fire      3%         2d5       91%         4
 Metabolic Englaciation   Hex/Ice        1%         N/A       99%         5
 Simulacrum               Ice/Necr       5%         N/A       100%        6
 Haunt                    Necr/Summ      5%         N/A       100%        7
 Infestation              Necr           8%         N/A       100%        8


Dungeon Overview and Level Annotations

Branches:
Dungeon (5/15)             Temple (0/1) D:4

Shops:
D:3 :   D:4 ?


Innate Abilities, Weirdness & Mutations

You have an increased reservoir of magic. (+10% MP)
You shall have no god before yourself.
Your divine heritage dramatically boosts your attributes as you level up.


Message History

You barely miss the hound. You punch the hound.
The hound is lightly wounded.
The hound bites you but does no damage. The hound barely misses you.
You slash the hound!
The hound is almost dead.
The hound bites you but does no damage.
You slash the hound!
You kill the hound!
The iguana completely misses you.
You hit the iguana.
The iguana is moderately wounded.
The iguana misses you.
You closely miss the iguana.
The iguana is moderately wounded.
You block the iguana's attack.
You slash the iguana!
The iguana is severely wounded.
You block the iguana's attack.
You slash the iguana!
You kill the iguana!
You block the ogre's attack.
You closely miss the ogre.
The ogre hits you with a +0 giant spiked club!!
You hit the ogre.
The ogre is lightly wounded.
You slash the ogre!
The ogre is moderately wounded.
The ogre barely misses you.
You barely miss the ogre.
The ogre is moderately wounded.
The ogre closely misses you.
You barely miss the ogre.
The ogre is moderately wounded.
The ogre hits you with a +0 giant spiked club!!
* * * LOW HITPOINT WARNING * * *
You slash the ogre!
The ogre is heavily wounded.
The ogre hits you with a +0 giant spiked club!!
Ouch! That really hurt!
You die...

#.# #......# #>...# #
#.# #.....# #....######
#.# #....# ##.....))...
##)####
#....#........###.#
#.....#
###....#.#....### #.#
#.....###..........#.#.
..#
#.............^#.###...#
#### #>....##..#......#
#.### ###..###..##@##.##
.. ##.♣♣♣♣.##O# .#
#.♣..♣....# .###.
#....♣.#..##.....
#.._.♣.#......#.#
#....♣...........
##♣..♣.#.......##
♣♣♣♣.#.......#
..#.........


You could see an ogre.

Vanquished Creatures
  A water moccasin (D:5)
  A black bear (D:4)
  2 ogres (D:5)
  2 phantoms
  A howler monkey (D:4)
  5 hounds
  2 orc priests (D:5)
  2 iguanas
  An orc wizard (D:3)
  A gnoll (D:4)
  An adder (D:4)
  A worm (D:3)
  A dart slug (D:1)
  8 orcs
  6 ball pythons
  6 endoplasms
  A giant cockroach (D:2)
  4 goblins
  9 hobgoblins
  A jackal (D:3)
  10 kobolds
  3 quokkas
  6 bats
  A frilled lizard (D:2)
  3 rats
79 creatures vanquished.

Vanquished Creatures (others)
  A kobold (D:3)
1 creature vanquished.

Grand Total: 80 creatures vanquished

Notes
Turn   | Place    | Note
-------+----------+-------------------------------------------
     0 | D:5      | keekatzer the Demigod Delver began the quest for the Orb.
     0 | D:5      | Reached XP level 1. HP: 18/18 MP: 3/3
   297 | D:1      | Reached XP level 2. HP: 24/26 MP: 4/4
   783 | D:2      | Reached skill level 1 in Armour
   994 | D:2      | Reached XP level 3. HP: 31/31 MP: 5/5
  1414 | D:3      | Found a runed translucent door.
  1414 | D:3      | Noticed a human
  1476 | D:3      | Found Qucemur's Book Shoppe.
  1733 | D:3      | Reached XP level 4. HP: 17/38 MP: 6/6
  2193 | D:4      | Found a staircase to the Ecumenical Temple.
  2195 | D:4      | Noticed a black bear
  2209 | D:4      | Killed a black bear
  2210 | D:4      | Reached XP level 5. HP: 20/46 MP: 7/7
  2443 | D:4      | Found Xoiseczy's Magic Scroll Shop.
  2451 | D:4      | Bought a scroll of teleportation for 36 gold pieces
  2451 | D:4      | Bought a scroll of identify for 24 gold pieces
  2606 | D:4      | Reached XP level 6. HP: 48/52 MP: 8/8
  2812 | D:5      | Reached skill level 1 in Spellcasting
  2812 | D:5      | Reached skill level 1 in Necromancy
  2885 | D:5      | Reached XP level 7. HP: 46/60 MP: 12/12
  3171 | D:5      | Learned a level 1 spell: Necrotise
  3175 | D:5      | Learned a level 3 spell: Vampiric Draining
  3180 | D:5      | Learned a level 4 spell: Animate Dead
  3423 | D:5      | Demolished by an ogre

Illustrated notes

Levels and vault maps discovered:
D:1:      giann_forest_graveyard, layout_rooms, minmay_misc_feat_rows
D:2:      layout_basic
D:3:      minmay_wonky_spiral, layout_basic, nicolae_overflow_ecumenical_swirl,
          dk_yredelemnul_ordeal, ebering_ecumenical_altar_ruins, serial_shops,
          nicolae_shop_waterfront
D:4:      layout_rooms, okawaru_trees_1, minmay_temple_entry_tees,
          minmay_shop_grid_forest, minmay_ruined_shrine
D:5:      layout_rooms, nicolae_ru_awakened_eye, mainiacjoe_overflow_alcove_1,
          nicolae_overflow_crystal_walls, serial_shops, nicolae_shop_crystal

Skill      XL: |  1  2  3  4  5  6  7 |
---------------+----------------------+-----
Fighting       | 3 4 |  4.9
Dodging        | 2 3 |  3.0
Armour         | 1 2 3 4 |  4.2
Spellcasting   | 1 2 |  2.9
Necromancy     | 1 3 |  3.1
Polearms       | |  1.7
Stealth        | |  4.5

Action                   |  1- 3 |  4- 6 |  7- 9 || total
-------------------------+-------+-------+-------++-------
Melee: Spear             |   170 |    27 |       ||   197
       Punch             |     1 |       |     1 ||     2
       Falchion          |       |    75 |    46 ||   121
 Cast: Necrotise         |       |       |     2 ||     2
  Use: Scroll            |       |     3 |       ||     3
 Stab: Sleeping          |    13 |     3 |       ||    16
Armor: Leather armour    |    13 |       |       ||    13
       Ring mail         |    49 |    40 |    14 ||   103
Dodge: Dodged            |    95 |    59 |    21 ||   175
Block: Other             |       |    12 |    13 ||    25
